 Dungeon Sprint DCSS version 0.19.1 (webtiles) character file.

1214 dvd the Basher (level 8, 0/133 HPs)
             Began as a Troll Berserker on Dec 15, 2016.
             Was a High Priest of Trog.
             Succumbed to an orange demon's poison
             ... in the Dungeon (Sprint I: "Red Sonja").
             The game lasted 00:02:10 (481 turns).

dvd the Basher (Troll Berserker)                     Turns: 481, Time: 00:02:11

Health: 0/133      AC:  5    Str: 31    XL:     8   Next: 22%
Magic:  7/7        EV: 14    Int:  3    God:    Trog [*****.]
Gold:   405        SH:  0    Dex: 11    Spells: 0 memorised, 7 levels left

rFire  . . .     SeeInvis .     a - +0 mace
rCold  . . .     Gourm    +     b - +0 animal skin
rNeg   . . .     Faith    .     (no shield)
rPois  .         Spirit   .     (helmet restricted)
rElec  .         Reflect  .     (no cloak)
rCorr  .         Harm     .     (gloves unavailable)
MR     .....     NoTele   +     (boots unavailable)
Stlth  ..........               (no amulet)
                                (no ring)
                                (no ring)

@: berserking, lethally poisoned (0 -> -15), very quick
A: unfitting armour, claws 3, fast metabolism 3, gourmand, regeneration 1,
shaggy fur 1, tough skin 2
a: Berserk, Trog's Hand, Brothers in Arms, Burn Spellbooks, Renounce Religion


You were in the Dungeon.
You worshipped Trog.
Trog was extremely pleased with you.
You were very full.

You visited 1 branch You collected 405 gold pieces.

Inventory:

Hand Weapons
 a - a +0 mace (weapon)
Armour
 b - a +0 animal skin (worn)
Scrolls
 i - a scroll of blinking
Potions
 e - a potion of heal wounds
 f - a potion of haste
 g - 2 potions of magic
 h - a potion of berserk rage
Comestibles
 c - 2 bread rations


   Skills:
 + Level 8.7 Fighting
 + Level 10.8 Maces & Flails
 + Level 8.9 Dodging
 + Level 0.8 Stealth


You had 7 spell levels left.
You didn't know any spells.

Dungeon Overview and Level Annotations

Branches:
Dungeon (1/1)

Altars:
Cheibriados
Dithmenos
Elyvilon
Fedhas
Gozag
Hepliaklqana
Kikubaaqudgha
Makhleb
Nemelex Xobeh
Okawaru
Qazlal
Ru
Sif Muna
Trog
Uskayaw
Vehumet
Xom
Yredelemnul
Zin
The Shining One
Jiyva
Lugonu

Shops:
D (


Innate Abilities, Weirdness & Mutations

You are too large for most types of armour.
You have claws for hands.
Your metabolism is lightning-fast.
You like to eat raw meat.
Your natural rate of healing is unusually fast.
You are covered in fur. (AC +1)
You have very tough skin. (AC +2)


Message History

You sock the kobold demonologist!
You feel the power of Trog in you as your rage grows.
You kill the kobold demonologist!
Trog accepts your kill.
Trog appreciates your killing of a magic user.
The orange demon disappears in a puff of smoke!
The sun demon disappears in a puff of smoke!
You have reached level 8!
* * * LOW HITPOINT WARNING * * *
You feel sick.
You are too berserk!
* * * LOW HITPOINT WARNING * * *
You feel sick.
You feel a strong urge to attack something.
* * * LOW HITPOINT WARNING * * *
You feel sick.
There is an open door here.
Unknown command.
You are too berserk!
You die...

#########################
<.#..').#.)'..#__#..)§..#
..').#..'..#..'.@'..#
..#####'#####'#__####
..####..#...#.####
..#__####..##[#
..#_____##'#..+
⌠⌠#_.∩...'..._#
###_..__##_.#'#
#_____###+#(# ####### ###


There were no monsters in sight!

Vanquished Creatures
  2 kobold demonologists (D)
  A slime creature (D)
  Sigmund (D)
  A yak (D)
  A floating eye (D)
  An ogre (D)
  A jelly (D)
  Ijyb (D)
9 creatures vanquished.

Vanquished Creatures (others)
  A gargoyle (D)
1 creature vanquished.

Grand Total: 10 creatures vanquished

Notes
Turn   | Place    | Note
-------+----------+-------------------------------------------
     0 | D        | dvd the Troll Berserker began the quest for the Orb.
     0 | D        | Reached XP level 1. HP: 22/22 MP: 0/0
     1 | D        | Noticed Ijyb
    13 | D        | Killed Ijyb
    13 | D        | Reached skill level 4 in Maces & Flails
    13 | D        | Reached XP level 2. HP: 28/31 MP: 1/1
    20 | D        | Noticed an ogre
    26 | D        | Killed an ogre
    26 | D        | Reached skill level 5 in Maces & Flails
    26 | D        | Reached XP level 3. HP: 41/41 MP: 2/2
    26 | D        | Reached XP level 4. HP: 49/49 MP: 3/3
    44 | D        | Noticed Sigmund
    72 | D        | Killed Sigmund
    72 | D        | Reached ** piety under Trog
    72 | D        | Reached skill level 7 in Maces & Flails
    72 | D        | Reached XP level 5. HP: 11/61 MP: 4/4
    72 | D        | Reached XP level 6. HP: 12/68 MP: 5/5
   169 | D        | Found a deep blue altar of Sif Muna.
   171 | D        | Found a radiant altar of Vehumet.
   177 | D        | Reached *** piety under Trog
   199 | D        | Found Ehiho's Weapon Emporium.
   199 | D        | Found an ancient bone altar of Kikubaaqudgha.
   199 | D        | Found a hazy altar of Hepliaklqana.
   199 | D        | Found a stormy altar of Qazlal.
   199 | D        | Found a hide-covered altar of Uskayaw.
   199 | D        | Found a blossoming altar of Fedhas.
   199 | D        | Found a bloodstained altar of Trog.
   199 | D        | Found an iron altar of Okawaru.
   199 | D        | Found a basalt altar of Yredelemnul.
   199 | D        | Found a glowing golden altar of the Shining One.
   199 | D        | Found a snail-covered altar of Cheibriados.
   199 | D        | Found a sacrificial altar of Ru.
   199 | D        | Found a glowing silver altar of Zin.
   199 | D        | Found a shadowy altar of Dithmenos.
   199 | D        | Found a white marble altar of Elyvilon.
   199 | D        | Noticed a yak
   200 | D        | Found an opulent altar of Gozag.
   208 | D        | Killed a yak
   208 | D        | Reached skill level 8 in Maces & Flails
   209 | D        | Found a sparkling altar of Nemelex Xobeh.
   391 | D        | Found a viscous altar of Jiyva.
   391 | D        | Found a corrupted altar of Lugonu.
   391 | D        | Noticed a slime creature
   392 | D        | Found a burning altar of Makhleb.
   392 | D        | Found a shimmering altar of Xom.
   399 | D        | Killed a slime creature
   399 | D        | Reached skill level 9 in Maces & Flails
   399 | D        | Reached XP level 7. HP: 47/79 MP: 6/6
   429 | D        | Killed a gargoyle
   449 | D        | Noticed a kobold demonologist
   451 | D        | Noticed a kobold demonologist
   455 | D        | Noticed a chaos spawn
   461 | D        | Killed a kobold demonologist
   461 | D        | Reached **** piety under Trog
   461 | D        | Reached skill level 10 in Maces & Flails
   473 | D        | Noticed an orange demon
   473 | D        | Noticed a sun demon
   477 | D        | HP: 5/121 [sun demon[a kobold demonologist] (17)]
   478 | D        | Killed a kobold demonologist
   478 | D        | Reached ***** piety under Trog
   478 | D        | Reached XP level 8. HP: 6/89 MP: 7/7
   480 | D        | HP: 1/133 [poisoned by an orange demon]
   481 | D        | Succumbed to an orange demon's poison

Skill      XL: |  1  2  3  4  5  6  7 |
---------------+----------------------+-----
Fighting       | 3 4 6 7 8 |  8.7
Maces & Flails | 4 5 7 9 10 | 10.8
Dodging        | 3 4 6 7 8 |  8.9
Stealth        | |  0.8

Action                   |  1- 3 |  4- 6 |  7- 9 || total
-------------------------+-------+-------+-------++-------
Melee: Mace              |    17 |    32 |    21 ||    70
Invok: Berserk           |       |     1 |     1 ||     2
       Burn Spellbooks   |       |     1 |       ||     1
       Trog's Hand       |       |       |     1 ||     1
  Use: Potion            |       |     1 |       ||     1
 Stab: Sleeping          |       |     1 |       ||     1
  Eat: Chunk             |       |    10 |       ||    10
Armor: Animal skin       |     2 |     4 |     2 ||     8
Dodge: Dodged            |    10 |    14 |     6 ||    30
